 Dungeon Crawl Stone Soup version 0.30-a0-341-g682706514a (webtiles) character file.

Game seed: 2660622079544275705

98 koil the Ruffian (level 4, -1/36 HPs)
             Began as a Draconian Transmuter on Nov 4, 2022.
             Slain by Sigmund
             ... wielding a +1 scythe of protection
              (7 damage)
             ... on level 3 of the Dungeon.
             The game lasted 00:04:56 (2422 turns).

koil the Ruffian (Draconian Transmuter)             Turns: 2422, Time: 00:04:57

Health: -1/36      AC:  7    Str: 14    XL:     4   Next: 44%
Magic:  1/7        EV: 12    Int: 14    God:
Gold:   81         SH:  0    Dex: 11    Spells: 2/8 levels left

rFire   . . .      SeeInvis .      - Unarmed
rCold   . . .      Faith    .    (no shield)
rNeg    . . .      Spirit   .    (body armour unavailable)
rPois   .          Reflect  .    (helmet restricted)
rElec   .          Harm     .    (no cloak)
rCorr   .          Rampage  .    g - +1 pair of gloves {infuse}
Will    .....                    (no boots)
Stlth   +.........               c - amulet of regeneration
HPRegen 1.06/turn                (no ring)
MPRegen 0.10/turn                (no ring)

@: no status effects
A: AC +5, unfitting armour, cold-blooded
a: no special abilities


You were on level 3 of the Dungeon.
You visited 1 branch of the dungeon, and saw 3 of its levels.

You collected 81 gold pieces.

Inventory:

Hand Weapons
 q - a +1 dagger of speed
Missiles
 d - 7 poisoned darts
Armour
 g - a +1 pair of gloves of infusion (worn)
Magical Staves
 f - a staff of earth
Jewellery
 c - an amulet of regeneration (around neck)
 j - a ring of protection from cold
 k - a ring of protection from fire
 r - an amulet of guardian spirit
Scrolls
 b - 3 scrolls of teleportation {unknown}
 l - a scroll of fear {unknown}
 m - a scroll of magic mapping {unknown}
 n - a scroll of noise {unknown}
 o - a scroll of enchant armour {unknown}
 p - 2 scrolls of identify {unknown}
Potions
 a - a potion of lignification
 e - a potion of haste
 h - a potion of heal wounds {unknown}
 i - a potion of flight {unknown}


   Skills:
 + Level 2.2 Fighting
 + Level 2.4 Dodging
 + Level 3.5 Unarmed Combat
 + Level 2.6 Spellcasting
 + Level 2.6 Transmutations


You had 2 spell levels left.
You knew the following spells:

 Your Spells              Type           Power      Damage    Failure   Level
a - Beastly Appendage     Tmut           18%        N/A       8%          1
b - Wereblood             Tmut           9%         N/A       11%         2
c - Spider Form           Tmut/Pois      5%         N/A       36%         3

Your spell library contained the following spells:

 Spells                   Type           Power      Damage    Failure   Level
 Ice Form                 Ice/Tmut       5%         N/A       78%         4


Dungeon Overview and Level Annotations

Branches:
Dungeon (3/15)

Altars:

Annotations:
D:3 Sigmund


Innate Abilities, Weirdness & Mutations

Your plain brown scales are hard. (AC +5)
You cannot fit into any form of body armour.
You are cold-blooded and may be slowed by cold attacks.


Message History

No target in view!
No target in view!
No target in view!
No target in view!
You miss something. Your kick misses something. Your headbutt misses something.
You hear some strange, mumbled words.
A magic dart appears from out of thin air!
The magic dart hits you.
You barely miss something. Your kick misses something. You headbutt something.
You tail-slap something. Something hits you.
You hit something. Your kick misses something. You barely miss something.
You hear some strange, mumbled words.
A puff of flame appears from out of thin air!
The puff of flame hits you.
You punch something! You headbutt something. You tail-slap something.
Your transformation is almost over.
Something hits you!
You hit something but do no damage. Your kick misses something.
Something hits you!
* * * LOW HITPOINT WARNING * * *
You hit something.
A ball python comes into view.
You closely miss something.
The ball python hisses angrily.
Something hits you.
* * * LOW HITPOINT WARNING * * *
You miss something. Your kick misses something. Your headbutt misses something.
Your tail-slap misses something.
Something hits you.
* * * LOW HITPOINT WARNING * * *
You miss something. You claw something. You tail-slap something.
You closely miss something. Your kick misses something. Something hits you.
* * * LOW HITPOINT WARNING * * *
You hit something.
Your tail-slap misses something.
The ball python closely misses you. The ball python barely misses you.
You closely miss something. Your kick misses something.
Your punch misses something.
Your horns disappear.
Your talons disappear.
Something hits you!
You die...

#........# #.##.#
#.# #. #######..#
#.##.# #.# ##
###..## #..... ...
. .## #.....#
......# #.. .
...#####.###.#
....... .... ##
#..#....# #.#
#....... ....
#.<.#### #.#
##.... #..#...#
#.###S{#
...####.####.##.@#
###
#........"###..
###..........#
.................
####.......#####.
#....$.)#
#.......#
#########


You could see a ball python.

Vanquished Creatures
  Robin (D:3)
  2 worms
  An orc (D:3)
  9 ball pythons
  5 endoplasms
  A giant cockroach (D:1)
  16 goblins
  5 hobgoblins
  7 jackals (D:2)
  4 kobolds
  3 quokkas
  7 bats
  3 frilled lizards
  6 rats
70 creatures vanquished.

Notes
Turn   | Place    | Note
-------+----------+-------------------------------------------
     0 | D:1      | koil the Draconian Transmuter began the quest for the Orb.
     0 | D:1      | Reached XP level 1. HP: 16/16 MP: 3/3
   179 | D:1      | Reached XP level 2. HP: 23/23 MP: 3/5
   921 | D:2      | Learned a level 2 spell: Wereblood
  1080 | D:2      | Reached XP level 3. HP: 29/29 MP: 4/6
  1489 | D:2      | Found a faded altar of an unknown god.
  2122 | D:3      | Reached XP level 4. HP: 36/36 MP: 5/7
  2136 | D:3      | Learned a level 3 spell: Spider Form
  2197 | D:3      | Noticed Robin
  2240 | D:3      | Killed Robin
  2403 | D:3      | Noticed Sigmund
  2422 | D:3      | Slain by Sigmund

Illustrated notes

Levels and vault maps discovered:
D:1:      dpeg_arrival_rhombi, layout_basic, minmay_pentomino_x4
D:2:      layout_loops_cross, ebering_ecumenical_altar_webs
D:3:      layout_rooms, lemuel_doored_altar, minmay_misc_feat_nine_boxes,
          uniq_robin, uniq_crazy_yiuf_cottage, uniq_sigmund

Skill      XL: |  1  2  3 |
---------------+----------+-----
Dodging        | 2 |  2.4
Fighting       | 2 |  2.2
Unarmed Combat | |  3.5
Spellcasting   | |  2.6
Transmutations | |  2.6

Action                   |  1- 3 |  4- 6 || total
-------------------------+-------+-------++-------
Melee: Unarmed           |   132 |    65 ||   197
       Kick              |     7 |     4 ||    11
       Tailslap          |     6 |    11 ||    17
       Headbutt          |     3 |     2 ||     5
       Punch             |     3 |     1 ||     4
 Cast: Beastly Appendage |     4 |     3 ||     7
 Stab: Sleeping          |     4 |       ||     4
Armor: Skin              |    40 |    22 ||    62
Dodge: Dodged            |    76 |    43 ||   119

Table legend: (Time is in decaauts)
 A = Elapsed time spent in this place.
 B = Non-inter-level travel time spent in this place.
 C = Inter-level travel time spent in this place.
 D = Time resting spent in this place.
 E = Time spent auto-exploring this place.
 F = Levels seen in this place.
 G = Mean time per level.
                   A        B        C        D        E       F      G
               +--------+--------+--------+--------+--------+-----+--------+
         Total |   2411 |   2379 |     32 |      5 |   1944 |   3 |  803.7 |
       Dungeon |   2411 |   2379 |     32 |      5 |   1944 |   3 |  803.7 |
               +--------+--------+--------+--------+--------+-----+--------+

Top non-repeatable levels by time:
     D:2: 1054 daAuts
     D:1: 914 daAuts
     D:3: 442 daAuts
